[ PARTIDA AOE2 · #479026617 ]
UnrankedJaponeses vs Franks
[ ANÁLISIS DE REPETICIÓN · EXTRAÍDO DE LA PARTIDA GRABADA ]
Feudal
—
Castillos
—
Imperial
—
| APM promedio | 35.3 |
| APM pico | 118 |
| eAPM promedio | 22.8 |
| Aldeanos / militares | 29 / 0 |
Foco
⚔️ 34.9% · 🌾 65.1%
Feudal
—
Castillos
—
Imperial
—
| APM promedio | 24.7 |
| APM pico | 51 |
| eAPM promedio | 14.5 |
| Aldeanos / militares | 36 / 0 |
Foco
⚔️ 20.4% · 🌾 79.6%
Feudal
—
Castillos
—
Imperial
—
| APM promedio | 26.1 |
| APM pico | 60 |
| eAPM promedio | 9.5 |
| Aldeanos / militares | 26 / 0 |
Foco
⚔️ 3.3% · 🌾 96.7%
Feudal
—
Castillos
—
Imperial
—
| APM promedio | 45.7 |
| APM pico | 70 |
| eAPM promedio | 23.5 |
| Aldeanos / militares | 27 / 0 |
Foco
⚔️ 11.8% · 🌾 88.2%
Feudal
—
Castillos
—
Imperial
—
| APM promedio | 17.3 |
| APM pico | 58 |
| eAPM promedio | 7.0 |
| Aldeanos / militares | 6 / 0 |
Foco
⚔️ 14.6% · 🌾 85.4%
Feudal
—
Castillos
—
Imperial
—
| APM promedio | 55.2 |
| APM pico | 83 |
| eAPM promedio | 28.1 |
| Aldeanos / militares | 23 / 0 |
Foco
⚔️ 31.4% · 🌾 68.6%
Feudal
—
Castillos
—
Imperial
—
| APM promedio | 48.4 |
| APM pico | 76 |
| eAPM promedio | 9.6 |
| Aldeanos / militares | 28 / 0 |
Foco
⚔️ 18.3% · 🌾 81.7%
Feudal
—
Castillos
—
Imperial
—
| APM promedio | 49.7 |
| APM pico | 72 |
| eAPM promedio | 20.9 |
| Aldeanos / militares | 27 / 0 |
Foco
⚔️ 11.7% · 🌾 88.3%
Mapa de la partida
Recursos iniciales + cada clic de construcción. Líneas = muros · curvas = relieve. ◆ oro · ⬟ piedra · ● bayas · ✦ reliquia · ◌ hueco del cierre
Tu base
Base de GT_22
Base de killaboy49
Base de fat_dgk
Base de zzzzzz
Base de fs.MEGAMENTEBYZANAS
Base de yecjoel
Base de luanb10
Terreno inicial suavizado · ◌ = hueco del cierre detectado · pasá el cursor para detalles
Inputs por minuto
— elchinaleikazo - - GT_22
Build order — elchinaleikazo
66 acciones detectadas en el replay
| 0:10 | Construir | Lumber Camp |
| 0:18 | Construir | Town Center |
| 0:35 | Construir | House |
| 2:18 | Construir | Palisade Wall |
| 2:23 | Construir | Palisade Wall |
| 2:26 | Construir | Palisade Wall |
| 2:27 | Construir | Palisade Wall |
| 2:28 | Construir | Palisade Wall |
| 2:29 | Construir | Palisade Wall |
| 2:31 | Construir | Palisade Wall |
| 2:33 | Construir | Palisade Wall |
| 2:46 | Construir | Palisade Wall |
| 2:48 | Construir | Palisade Wall |
| 2:49 | Construir | Palisade Wall |
| 2:52 | Construir | Palisade Wall |
| 2:53 | Construir | Palisade Wall |
| 3:00 | Construir | Palisade Wall |
| 3:02 | Construir | Palisade Wall |
| 3:04 | Construir | Palisade Wall |
| 3:06 | Construir | Palisade Wall |
| 3:08 | Construir | Palisade Wall |
| 3:16 | Crear | Villager (Male) |
| 3:16 | Crear | Villager (Male) |
| 3:16 | Crear | Villager (Male) |
| 3:19 | Crear | Villager (Male) |
| 3:19 | Crear | Villager (Male) |
| 4:33 | Crear | Villager (Male) |
| 4:33 | Crear | Villager (Male) |
| 4:49 | Construir | House |
| 4:57 | Investigar | Loom |
| 5:02 | Crear | Villager (Male) |
| 5:02 | Crear | Villager (Male) |
| 5:16 | Construir | Palisade Wall |
| 5:23 | Construir | Palisade Wall |
| 5:26 | Construir | Palisade Wall |
| 5:30 | Construir | Palisade Wall |
| 5:33 | Construir | Palisade Wall |
| 5:35 | Construir | Palisade Wall |
| 5:44 | Construir | Palisade Wall |
| 5:59 | Construir | Palisade Wall |
| 6:02 | Crear | Villager (Male) |
| 6:03 | Crear | Villager (Male) |
| 6:03 | Crear | Villager (Male) |
| 6:08 | Construir | Mill |
| 6:25 | Construir | Palisade Wall |
| 6:39 | Crear | Villager (Male) |
| 6:39 | Crear | Villager (Male) |
| 6:40 | Crear | Villager (Male) |
| 6:57 | Investigar | Loom |
| 7:16 | Crear | Villager (Male) |
| 7:16 | Crear | Villager (Male) |
| 7:34 | Construir | House |
| 7:49 | Crear | Villager (Male) |
| 7:57 | Construir | Mill |
| 8:30 | Crear | Villager (Male) |
| 8:30 | Crear | Villager (Male) |
| 8:30 | Crear | Villager (Male) |
| 9:12 | Crear | Villager (Male) |
| 9:12 | Crear | Villager (Male) |
| 9:19 | Crear | Villager (Male) |
| 9:19 | Crear | Villager (Male) |
| 9:31 | Construir | House |
| 9:34 | Crear | Villager (Male) |
| 9:54 | Crear | Villager (Male) |
| 9:54 | Crear | Villager (Male) |
| 9:55 | Crear | Villager (Male) |
Build order — GT_22
46 acciones detectadas en el replay
| 0:10 | Construir | Town Center |
| 1:53 | Construir | House |
| 2:39 | Crear | Villager (Male) |
| 2:39 | Crear | Villager (Male) |
| 2:39 | Crear | Villager (Male) |
| 2:39 | Crear | Villager (Male) |
| 2:40 | Crear | Villager (Male) |
| 2:45 | Investigar | Loom |
| 3:13 | Crear | Villager (Male) |
| 3:14 | Crear | Villager (Male) |
| 3:14 | Crear | Villager (Male) |
| 3:14 | Crear | Villager (Male) |
| 3:51 | Crear | Villager (Male) |
| 3:51 | Crear | Villager (Male) |
| 4:53 | Crear | Villager (Male) |
| 4:57 | Construir | House |
| 5:02 | Crear | Villager (Male) |
| 5:02 | Crear | Villager (Male) |
| 5:02 | Crear | Villager (Male) |
| 5:03 | Crear | Villager (Male) |
| 5:38 | Crear | Villager (Male) |
| 5:38 | Crear | Villager (Male) |
| 5:38 | Crear | Villager (Male) |
| 6:02 | Crear | Villager (Male) |
| 6:02 | Crear | Villager (Male) |
| 6:24 | Construir | Lumber Camp |
| 6:34 | Crear | Villager (Male) |
| 6:34 | Crear | Villager (Male) |
| 6:46 | Crear | Villager (Male) |
| 6:46 | Crear | Villager (Male) |
| 6:49 | Crear | Villager (Male) |
| 6:49 | Crear | Villager (Male) |
| 7:16 | Crear | Villager (Male) |
| 7:16 | Crear | Villager (Male) |
| 7:16 | Crear | Villager (Male) |
| 7:55 | Crear | Villager (Male) |
| 7:56 | Crear | Villager (Male) |
| 7:56 | Crear | Villager (Male) |
| 7:56 | Crear | Villager (Male) |
| 7:56 | Crear | Villager (Male) |
| 8:03 | Construir | Mill |
| 8:12 | Construir | House |
| 8:15 | Construir | House |
| 8:49 | Construir | Mill |
| 9:09 | Crear | Villager (Male) |
| 9:54 | Investigar | Feudal Age |
Build order — killaboy49
33 acciones detectadas en el replay
| 0:16 | Construir | House |
| 0:45 | Construir | Town Center |
| 2:48 | Crear | Villager (Male) |
| 2:48 | Crear | Villager (Male) |
| 2:49 | Crear | Villager (Male) |
| 2:49 | Crear | Villager (Male) |
| 2:49 | Crear | Villager (Male) |
| 3:15 | Construir | House |
| 4:08 | Construir | Mill |
| 4:15 | Crear | Villager (Male) |
| 4:16 | Crear | Villager (Male) |
| 4:16 | Crear | Villager (Male) |
| 4:50 | Investigar | Loom |
| 5:05 | Crear | Villager (Male) |
| 5:05 | Crear | Villager (Male) |
| 5:06 | Crear | Villager (Male) |
| 5:44 | Crear | Villager (Male) |
| 5:44 | Crear | Villager (Male) |
| 5:45 | Crear | Villager (Male) |
| 6:26 | Crear | Villager (Male) |
| 6:27 | Crear | Villager (Male) |
| 6:27 | Crear | Villager (Male) |
| 6:48 | Crear | Villager (Male) |
| 6:48 | Crear | Villager (Male) |
| 6:48 | Crear | Villager (Male) |
| 8:00 | Crear | Villager (Male) |
| 8:00 | Crear | Villager (Male) |
| 8:00 | Crear | Villager (Male) |
| 8:00 | Crear | Villager (Male) |
| 8:20 | Construir | House |
| 8:35 | Construir | House |
| 8:47 | Crear | Villager (Male) |
| 9:47 | Crear | Villager (Male) |
Build order — fat_dgk
36 acciones detectadas en el replay
| 0:39 | Construir | Town Center |
| 1:23 | Construir | House |
| 2:34 | Crear | Villager (Male) |
| 2:35 | Crear | Villager (Male) |
| 2:35 | Crear | Villager (Male) |
| 2:35 | Crear | Villager (Male) |
| 2:36 | Crear | Villager (Male) |
| 3:34 | Crear | Villager (Male) |
| 4:22 | Crear | Villager (Male) |
| 4:22 | Crear | Villager (Male) |
| 4:40 | Crear | Villager (Male) |
| 4:47 | Construir | House |
| 4:58 | Crear | Villager (Male) |
| 4:58 | Crear | Villager (Male) |
| 5:37 | Crear | Villager (Male) |
| 5:37 | Crear | Villager (Male) |
| 5:38 | Crear | Villager (Male) |
| 6:07 | Crear | Villager (Male) |
| 6:07 | Crear | Villager (Male) |
| 6:10 | Construir | House |
| 6:27 | Crear | Villager (Male) |
| 6:28 | Crear | Villager (Male) |
| 7:09 | Construir | Mill |
| 7:13 | Crear | Villager (Male) |
| 7:13 | Crear | Villager (Male) |
| 7:13 | Crear | Villager (Male) |
| 7:21 | Crear | Villager (Male) |
| 7:21 | Crear | Villager (Male) |
| 8:03 | Crear | Villager (Male) |
| 8:29 | Construir | Farm |
| 8:52 | Construir | Farm |
| 8:55 | Crear | Villager (Male) |
| 9:03 | Construir | House |
| 9:16 | Crear | Villager (Male) |
| 9:30 | Construir | Farm |
| 9:31 | Crear | Villager (Male) |
Build order — zzzzzz
9 acciones detectadas en el replay
| 0:40 | Construir | Town Center |
| 2:34 | Construir | House |
| 3:01 | Construir | House |
| 3:03 | Crear | Villager (Male) |
| 3:04 | Crear | Villager (Male) |
| 3:04 | Crear | Villager (Male) |
| 3:04 | Crear | Villager (Male) |
| 3:34 | Crear | Villager (Male) |
| 4:05 | Crear | Villager (Male) |
Build order — fs.MEGAMENTEBYZANAS
43 acciones detectadas en el replay
| 0:10 | Construir | Town Center |
| 2:27 | Construir | House |
| 2:38 | Construir | House |
| 2:47 | Crear | Villager (Male) |
| 2:48 | Crear | Villager (Male) |
| 2:48 | Crear | Villager (Male) |
| 2:52 | Crear | Villager (Male) |
| 2:56 | Construir | House |
| 3:55 | Crear | Villager (Male) |
| 3:56 | Crear | Villager (Male) |
| 3:56 | Crear | Villager (Male) |
| 4:27 | Crear | Villager (Male) |
| 4:45 | Construir | House |
| 4:52 | Crear | Villager (Male) |
| 4:52 | Crear | Villager (Male) |
| 5:23 | Crear | Villager (Male) |
| 5:23 | Crear | Villager (Male) |
| 5:37 | Construir | Lumber Camp |
| 6:04 | Crear | Villager (Male) |
| 6:27 | Crear | Villager (Male) |
| 6:28 | Crear | Villager (Male) |
| 6:28 | Crear | Villager (Male) |
| 6:45 | Construir | House |
| 6:58 | Construir | House |
| 7:11 | Construir | House |
| 7:24 | Construir | House |
| 7:34 | Construir | House |
| 7:38 | Construir | Palisade Wall |
| 7:42 | Crear | Villager (Male) |
| 7:42 | Crear | Villager (Male) |
| 7:42 | Crear | Villager (Male) |
| 7:56 | Crear | Villager (Male) |
| 8:19 | Construir | Palisade Gate |
| 8:25 | Construir | Palisade Gate |
| 8:29 | Construir | Palisade Gate |
| 8:38 | Construir | Palisade Gate |
| 8:41 | Construir | Palisade Gate |
| 8:44 | Crear | Villager (Male) |
| 8:45 | Crear | Villager (Male) |
| 8:51 | Construir | House |
| 8:56 | Construir | House |
| 9:16 | Crear | Villager (Male) |
| 9:36 | Construir | Barracks |
Build order — yecjoel
36 acciones detectadas en el replay
| 0:17 | Construir | Town Center |
| 2:37 | Construir | House |
| 2:48 | Crear | Villager (Male) |
| 2:48 | Crear | Villager (Male) |
| 2:49 | Crear | Villager (Male) |
| 2:49 | Crear | Villager (Male) |
| 2:49 | Crear | Villager (Male) |
| 2:49 | Crear | Villager (Male) |
| 3:40 | Crear | Villager (Male) |
| 3:40 | Crear | Villager (Male) |
| 3:50 | Construir | House |
| 4:18 | Crear | Villager (Male) |
| 5:20 | Crear | Villager (Male) |
| 5:20 | Crear | Villager (Male) |
| 5:24 | Construir | House |
| 5:37 | Crear | Villager (Male) |
| 5:37 | Crear | Villager (Male) |
| 5:38 | Crear | Villager (Male) |
| 6:14 | Crear | Villager (Male) |
| 6:14 | Crear | Villager (Male) |
| 6:41 | Crear | Villager (Male) |
| 6:42 | Crear | Villager (Male) |
| 6:45 | Construir | Lumber Camp |
| 7:04 | Crear | Villager (Male) |
| 7:08 | Construir | House |
| 7:22 | Crear | Villager (Male) |
| 7:22 | Crear | Villager (Male) |
| 7:44 | Crear | Villager (Male) |
| 8:14 | Crear | Villager (Male) |
| 8:14 | Crear | Villager (Male) |
| 8:27 | Construir | Mill |
| 8:28 | Crear | Villager (Male) |
| 8:52 | Construir | House |
| 9:02 | Crear | Villager (Male) |
| 9:02 | Crear | Villager (Male) |
| 9:43 | Crear | Villager (Male) |
Build order — luanb10
38 acciones detectadas en el replay
| 0:07 | Construir | Town Center |
| 0:18 | Construir | House |
| 2:29 | Construir | House |
| 2:33 | Crear | Villager (Male) |
| 2:34 | Crear | Villager (Male) |
| 2:34 | Crear | Villager (Male) |
| 2:37 | Crear | Villager (Male) |
| 2:37 | Crear | Villager (Male) |
| 3:17 | Construir | House |
| 3:28 | Construir | House |
| 3:33 | Crear | Villager (Male) |
| 3:33 | Crear | Villager (Male) |
| 4:28 | Crear | Villager (Male) |
| 4:28 | Crear | Villager (Male) |
| 4:28 | Crear | Villager (Male) |
| 5:10 | Crear | Villager (Male) |
| 5:11 | Crear | Villager (Male) |
| 5:11 | Crear | Villager (Male) |
| 5:20 | Crear | Villager (Male) |
| 5:21 | Crear | Villager (Male) |
| 5:21 | Crear | Villager (Male) |
| 5:35 | Construir | Lumber Camp |
| 5:39 | Crear | Villager (Male) |
| 5:40 | Crear | Villager (Male) |
| 5:40 | Crear | Villager (Male) |
| 6:13 | Crear | Villager (Male) |
| 6:13 | Crear | Villager (Male) |
| 6:13 | Crear | Villager (Male) |
| 6:13 | Crear | Villager (Male) |
| 6:24 | Construir | House |
| 7:20 | Crear | Villager (Male) |
| 7:20 | Crear | Villager (Male) |
| 7:21 | Crear | Villager (Male) |
| 8:21 | Construir | Mill |
| 8:41 | Crear | Villager (Male) |
| 8:47 | Construir | House |
| 9:10 | Investigar | Feudal Age |
| 9:19 | Construir | Mining Camp |
Cronología de la partida
| 2:18 | elchinaleikazo · wall_segment Palisade Wall x1 |
| 2:23 | elchinaleikazo · wall_segment Palisade Wall x1 |
| 2:26 | elchinaleikazo · wall_segment Palisade Wall x1 |
| 2:27 | elchinaleikazo · wall_segment Palisade Wall x1 |
| 2:28 | elchinaleikazo · wall_segment Palisade Wall x1 |
| 2:29 | elchinaleikazo · wall_segment Palisade Wall x1 |
| 2:31 | elchinaleikazo · wall_segment Palisade Wall x1 |
| 2:33 | elchinaleikazo · wall_segment Palisade Wall x1 |
| 2:46 | elchinaleikazo · wall_segment Palisade Wall x1 |
| 2:48 | elchinaleikazo · wall_segment Palisade Wall x1 |
| 2:49 | elchinaleikazo · wall_segment Palisade Wall x1 |
| 2:52 | elchinaleikazo · wall_segment Palisade Wall x1 |
| 2:53 | elchinaleikazo · wall_segment Palisade Wall x1 |
| 3:00 | elchinaleikazo · wall_segment Palisade Wall x1 |
| 3:02 | elchinaleikazo · wall_segment Palisade Wall x1 |
| 3:04 | elchinaleikazo · wall_segment Palisade Wall x1 |
| 3:06 | elchinaleikazo · wall_segment Palisade Wall x1 |
| 3:08 | elchinaleikazo · wall_segment Palisade Wall x1 |
| 4:19 | zzzzzz · resign |
| 5:16 | elchinaleikazo · wall_segment Palisade Wall x1 |
| 5:23 | elchinaleikazo · wall_segment Palisade Wall x1 |
| 5:26 | elchinaleikazo · wall_segment Palisade Wall x1 |
| 5:30 | elchinaleikazo · wall_segment Palisade Wall x1 |
| 5:33 | elchinaleikazo · wall_segment Palisade Wall x1 |
| 5:35 | elchinaleikazo · wall_segment Palisade Wall x1 |
| 5:44 | elchinaleikazo · wall_segment Palisade Wall x1 |
| 5:59 | elchinaleikazo · wall_segment Palisade Wall x1 |
| 6:25 | elchinaleikazo · wall_segment Palisade Wall x1 |
| 7:38 | fs.MEGAMENTEBYZANAS · wall_segment Palisade Wall x1 |
| 9:36 | fs.MEGAMENTEBYZANAS · first_building Barracks |
[ ANÁLISIS IA · 1 CRÉDITO ]
¿Qué pasó realmente en esta partida?
Wolo.gg analiza cada decisión: build order, eco, micro, errores típicos por bracket. Análisis personalizado por WhatsApp o Discord en 30 segundos.
Guía civ
Japoneses
Perfil
Jugador #2983555